 Dungeon Crawl Stone Soup version 0.23.2-1-ga50397a6bc (webtiles) character file.

Game seed: 12553211552577584910

4378 Peloso the Carver (level 10, -2/89 HPs)
             Began as a Minotaur Fighter on Apr 20, 2019.
             Was a Priest of Okawaru.
             Slain by an orc warlord
             ... wielding a +0 battleaxe
              (17 damage)
             ... in a bailey.
             The game lasted 00:16:33 (7742 turns).

Peloso the Carver (Minotaur Fighter)                Turns: 7742, Time: 00:16:33

Health: -2/89      AC: 15    Str: 28    XL:     10   Next: 13%
Magic:  8/9        EV:  7    Int:  5    God:    Okawaru [***...]
Gold:   442        SH: 12    Dex: 13    Spells: 9/9 levels left

rFire    + . .     SeeInvis .   a - +1 long sword (vamp)
rCold    . . .     Gourm    .   c - +0 shield
rNeg     . . .     Faith    .   A - +0 plate armour
rPois    .         Spirit   .   (helmet restricted)
rElec    .         Reflect  .   (no cloak)
rCorr    .         Harm     .   e - +0 pair of gloves
MR       .....                  (no boots)
Stlth    ..........             y - amulet of regeneration
HPRegen  0.64/turn              i - ring of protection from fire
MPRegen  0.11/turn              o - +2 ring of dexterity

@: mighty
A: retaliatory headbutt, horns 2
a: Heroism, Renounce Religion


You were in a bailey.
You worshipped Okawaru.
Okawaru was most pleased with you.
You were not hungry.

You visited 2 branches of the dungeon, and saw 9 of its levels.
You also visited: Bailey.

You collected 442 gold pieces.

Inventory:

Hand Weapons
 a - a +1 vampiric long sword (weapon)
Armour
 b - a +0 scale mail
 c - a +0 shield (worn)
 e - a +0 pair of gloves (worn)
 A - a +0 plate armour (worn)
Jewellery
 i - a ring of protection from fire (left hand)
 o - a +2 ring of dexterity (right hand)
 y - an amulet of regeneration (around neck)
Wands
 n - a wand of random effects (31)
 v - a wand of iceblast (5)
 w - a wand of polymorph (2)
Scrolls
 h - 2 scrolls of identify
 l - 5 scrolls of teleportation
 m - a scroll of remove curse
 s - 3 scrolls of amnesia
 x - a scroll of enchant armour {unknown}
 B - a scroll of blinking
Potions
 d - a potion of might
 g - a potion of mutation {unknown}
 j - a potion of magic {unknown}
 k - 2 potions of agility
 p - a potion of brilliance {unknown}
 q - a potion of haste
 r - 2 potions of berserk rage
 t - 2 potions of flight
 u - 4 potions of curing
Comestibles
 f - 14 rations
 z - 10 chunks of flesh


   Skills:
 + Level 8.3 Fighting
 + Level 10.3 Long Blades
 + Level 9.2 Armour
 + Level 2.0 Dodging
 + Level 0.9 Stealth
 + Level 9.3 Shields
 + Level 0.7 Invocations
 + Level 0.1 Evocations


You had 9 spell levels left.
You didn't know any spells.
Your spell library was empty.

Dungeon Overview and Level Annotations

Branches:
Dungeon (8/15)             Temple (1/1) D:5
   Lair: D:8-11

Altars:
Ashenzari
Cheibriados
Elyvilon
Fedhas
Kikubaaqudgha
Makhleb
Nemelex Xobeh
Okawaru
Qazlal
Ru
Sif Muna
Trog
Uskayaw
Wu Jian
Xom
Yredelemnul
Zin
The Shining One

Shops:
D:6 [

Annotations:
D:5 3 runed translucent doors, BorisKarlOrff's ghost, novice TrFi; Ethylacetat's ghost, novice DsFE; Gunterle's ghost, novice NaMo; Skull's ghost, novice GrEE; whodunnit's ghost, amateur TeFE


Innate Abilities, Weirdness & Mutations

You reflexively headbutt those who attack you in melee.
You have a pair of horns on your head.


Message History

Your headbutt misses the orc warlord.
The orc warlord is moderately wounded.
The orc warlord hits you with a +0 battleaxe!!!
Ouch! That really hurt!
You slash the orc warlord!
The orc warlord is moderately wounded.
The orc warrior no longer looks unusually strong.
The orc knight no longer looks unusually strong.
The orc knight roars a battlecry!
The orcs go into a battle-frenzy!
Unknown command.
You barely miss the orc warlord. You headbutt the orc warlord!
The orc warlord is heavily wounded.
The orc knight roars a battlecry!
The orc warlord hits you with a +0 battleaxe!!
* * * LOW HITPOINT WARNING * * *
You closely miss the orc warlord. You headbutt the orc warlord.
The orc warlord is heavily wounded.
The orc warlord hits you with a +0 battleaxe!
You die...

.........#...........#
.........#...........#
........###......)))###
#.....###.###.....#'#.###
###.###
...###.###.....### ..###
.... ###.........## ...#
...og #8..........# ...#
....go#8..........# ...#
...oooo@....⌠....∩# ...#
...goo#8..........# ...#
...oo #8..........# ..###
.... ###.........##
###.###
...###.###))...###
#.....###.###.....#)#.###
........###.......).###
.........#...........#
.........#...........#


You could see an orc warlord, 4 orc knights, 3 orc warriors, a gnoll, 2 orcs, a
hobgoblin and a goblin.

Vanquished Creatures
  An orc knight (Bailey)
  A hornet (D:7)
  A hippogriff (D:7)
  11 orc warriors
  2 ice beasts
  An ogre (D:7)
  2 phantoms
  5 centaurs
  2 bullfrogs
  2 scorpions (D:5)
  A water moccasin skeleton (D:5)
  2 howler monkeys
  2 bullfrog zombies
  2 crimson imps
  A jelly (D:7)
  7 hounds
  2 bullfrog skeletons
  4 orc priests
  3 orc wizards
  Jessica (D:2)
  A gnoll shaman (D:4)
  Natasha (thrice) (D:2)
  6 worker ants
  A hound zombie (D:8)
  A hound skeleton (D:6)
  A howler monkey zombie (D:6)
  8 adders
  13 gnolls
  4 worms
  2 dart slugs (D:1)
  5 leopard geckos
  28 orcs
  13 bats
  5 giant cockroaches
  22 hobgoblins
  9 jackals
  6 kobolds
  3 quokkas
  9 frilled lizards
  A giant cockroach zombie (D:5)
  19 goblins
  A leopard gecko skeleton (D:6)
  A quokka skeleton (D:7)
  10 rats
225 creatures vanquished.

Vanquished Creatures (others)
  A sky beast (D:6)
1 creature vanquished.

Grand Total: 226 creatures vanquished

Notes
Turn   | Place    | Note
-------+----------+-------------------------------------------
     0 | D:1      | Peloso the Minotaur Fighter began the quest for the Orb.
     0 | D:1      | Reached XP level 1. HP: 19/19 MP: 0/0
    42 | D:1      | Reached XP level 2. HP: 27/27 MP: 1/1
   450 | D:1      | Reached XP level 3. HP: 27/33 MP: 2/2
   942 | D:2      | Reached skill level 3 in Long Blades
   945 | D:2      | Noticed Jessica
   950 | D:2      | Killed Jessica
   950 | D:2      | Reached XP level 4. HP: 34/40 MP: 3/3
  1138 | D:2      | Noticed Natasha
  1151 | D:2      | HP: 1/40 [white imp/puff of frost[Natasha] (7)]
  1152 | D:2      | Killed Natasha
  1152 | D:2      | Reached skill level 5 in Armour
  1278 | D:2      | Noticed Natasha
  1284 | D:2      | Killed Natasha
  1284 | D:2      | Reached XP level 5. HP: 25/46 MP: 4/4
  1310 | D:2      | Noticed Natasha
  1318 | D:2      | Killed Natasha
  1619 | D:3      | Reached skill level 4 in Long Blades
  2080 | D:3      | Found a sparkling altar of Nemelex Xobeh.
  2292 | D:4      | Found a burning altar of Makhleb.
  2296 | D:4      | Reached XP level 6. HP: 53/53 MP: 5/5
  2299 | D:4      | Found the +8 glaive of the Guard {elec, +Rage AC+5 SInv}
  2338 | D:4      | Reached skill level 5 in Fighting
  2412 | D:4      | Reached skill level 5 in Long Blades
  2412 | D:4      | Reached skill level 5 in Shields
  3166 | D:4      | Reached XP level 7. HP: 5/61 MP: 6/6
  3169 | D:4      | HP: 3/61 [gnoll/+0 flail (3)]
  3495 | D:4      | Reached skill level 1 in Dodging
  3794 | D:5      | Entered Level 5 of the Dungeon
  3865 | D:5      | Reached skill level 6 in Long Blades
  4110 | D:5      | Found a staircase to the Ecumenical Temple.
  4182 | D:5      | Reached XP level 8. HP: 51/70 MP: 7/7
  4248 | D:5      | Found a runed translucent gate.
  4248 | D:5      | Found a runed translucent gate.
  4249 | D:5      | Found a runed translucent gate.
  4250 | D:5      | Noticed whodunnit's ghost (amateur TeFE)
  4251 | D:5      | Noticed Gunterle's ghost (novice NaMo)
  4251 | D:5      | Noticed Ethylacetat's ghost (novice DsFE)
  4251 | D:5      | Noticed BorisKarlOrff's ghost (novice TrFi)
  4251 | D:5      | Noticed Skull's ghost (novice GrEE)
  4496 | Temple   | Entered the Ecumenical Temple
  4525 | Temple   | Became a worshipper of Warmaster Okawaru
  4596 | D:5      | Reached skill level 7 in Long Blades
  5042 | D:6      | Reached skill level 8 in Long Blades
  5113 | D:6      | Reached * piety under Okawaru
  5170 | D:6      | Found Biduw's Armour Shop.
  5766 | D:7      | Reached XP level 9. HP: 68/79 MP: 8/8
  6407 | D:7      | Paralysed by a hornet for 2 turns
  6411 | D:7      | Paralysed by a hornet for 3 turns
  6415 | D:7      | Paralysed by a hornet for 1 turns
  6561 | D:7      | Reached ** piety under Okawaru
  6561 | D:7      | Reached skill level 9 in Long Blades
  7045 | D:8      | Found a flagged portal.
  7061 | Bailey   | Entered a bailey
  7341 | Bailey   | Noticed an orc knight
  7370 | Bailey   | Killed an orc knight
  7376 | Bailey   | Reached skill level 10 in Long Blades
  7376 | Bailey   | Reached XP level 10. HP: 43/88 MP: 6/9
  7619 | Bailey   | Reached *** piety under Okawaru
  7722 | Bailey   | Noticed an orc knight
  7722 | Bailey   | Noticed an orc warlord
  7722 | Bailey   | Noticed an orc knight
  7734 | Bailey   | Noticed an orc knight
  7736 | Bailey   | Noticed an orc knight
  7742 | Bailey   | Slain by an orc warlord

Skill      XL: |  1  2  3  4  5  6  7  8  9 |
---------------+----------------------------+-----
Armour         | 4 5 6 7 9 |  9.2
Fighting       | 4 5 6 7 8 |  8.3
Shields        | 4 5 6 7 9 |  9.3
Long Blades    | 3 4 5 6 8 10 | 10.3
Dodging        | 1 2 |  2.0
Stealth        | |  0.9
Invocations    | |  0.7
Evocations     | |  0.1

Action                   |  1- 3 |  4- 6 |  7- 9 | 10-12 || total
-------------------------+-------+-------+-------+-------++-------
Melee: Long sword        |    74 |   179 |   440 |   107 ||   800
       Headbutt          |    13 |    41 |    96 |    24 ||   174
Invok: Heroism           |       |       |     6 |     1 ||     7
Evoke: Wand              |       |     3 |       |       ||     3
  Use: Potion            |     2 |     2 |     2 |     1 ||     7
       Scroll            |       |     2 |    10 |       ||    12
  Eat: Chunk             |       |     7 |    15 |     1 ||    23
Armor: Scale mail        |     3 |       |       |       ||     3
       Chain mail        |    54 |   122 |   122 |       ||   298
       Plate armour      |       |       |    47 |    26 ||    73
Dodge: Dodged            |    18 |    43 |    90 |    27 ||   178
Block: Shield            |    49 |   124 |   241 |    78 ||   492
       Rpst.: Long sword |     6 |     7 |    20 |     1 ||    34
